 Dungeon Crawl Stone Soup version 0.28.0-49-g6dfe1f597d (webtiles) character file.

Game seed: 8256687007999476991

11843 Zeld the Frost Mage (level 11, -8/95 HPs)
             Began as a Ghoul Ice Elementalist on May 16, 2022.
             Was a Priest of Vehumet.
             Mangled by a two-headed ogre
             ... wielding a +0 dire flail
              (15 damage)
             ... on level 9 of the Dungeon.
             The game lasted 00:26:44 (21207 turns).

Zeld the Frost Mage (Ghoul Ice Elementalist)       Turns: 21207, Time: 00:26:44

Health: -8/95      AC: 15    Str: 13    XL:     11   Next: 84%
Magic:  21/29      EV: 13    Int: 14    God:    Vehumet [***...]
Gold:   2397       SH:  0    Dex:  9    Spells: 13/24 levels left

rFire   . . .      SeeInvis +   h - +2 hand axe (flame)
rCold   + . .      Faith    .   (no shield)
rNeg    + + +      Spirit   .   a - +0 robe
rPois   ∞          Reflect  .   g - +2 helmet
rElec   .          Harm     .   j - +0 cloak
rCorr   .          Rampage  .   c - +0 pair of gloves
Will    .....                   B - +0 pair of boots
Stlth   +++.......              (no amulet)
HPRegen 0.00/turn               o - ring of magical power
MPRegen 0.21/turn               H - ring of see invisible

@: ice-armoured, freezing walls, inhibited regen
A: claws 1, cold resistance 1, negative energy resistance 3, inhibited
regeneration, torment resistance 2
a: Renounce Religion


You were on level 9 of the Dungeon.
You worshipped Vehumet.
Vehumet was most pleased with you.
You visited 2 branches of the dungeon, and saw 11 of its levels.
You also visited: Ossuary.

You collected 2562 gold pieces.
You spent 165 gold pieces at shops.

Inventory:

Hand Weapons
 h - a +2 hand axe of flaming (weapon)
Armour
 a - a +0 robe (worn)
 c - a +0 pair of gloves (worn)
 g - a +2 helmet (worn)
 j - a +0 cloak (worn)
 B - a +0 pair of boots (worn)
Jewellery
 o - a ring of magical power (left hand)
 y - a ring of protection from fire
 H - a ring of see invisible (right hand)
 J - a ring of willpower
Wands
 p - a wand of paralysis (14)
 q - a wand of flame (45)
 s - a wand of iceblast (11)
 u - a wand of digging (3)
 C - a wand of mindburst (16)
 I - a wand of acid (1)
Scrolls
 f - 2 scrolls of enchant armour
 k - 4 scrolls of teleportation
 l - 5 scrolls of magic mapping
 x - a scroll of fear
 A - 2 scrolls of enchant weapon
 D - a scroll of amnesia {unknown}
 F - 2 scrolls of noise {unknown}
 G - a scroll of vulnerability {unknown}
Potions
 d - 6 potions of curing
 e - 5 potions of haste
 i - a potion of berserk rage {unknown}
 m - 3 potions of heal wounds {unknown}
 n - 2 potions of degeneration {unknown}
 r - 3 potions of mutation {unknown}
 v - 3 potions of magic {unknown}
 w - 3 potions of might {unknown}
 z - a potion of invisibility
 E - a potion of lignification {unknown}


   Skills:
 * Level 8.9 Fighting
 + Level 5.4 Dodging
 + Level 7.2 Stealth
 * Level 7.2 Spellcasting
 + Level 4.0 Conjurations
 * Level 10.0 Ice Magic
 * Level 6.5 Evocations


You had 13 spell levels left.
You knew the following spells:

 Your Spells              Type           Power      Damage    Failure   Level
a - Freeze                Ice            100%       1d11      1%          1
b - Frozen Ramparts       Ice            66%        1d8       1%          3
c - Ozocubu's Armour      Ice            33%        N/A       1%          3
d - Hailstorm             Conj/Ice       24%        3d7       2%          4

Your spell library contained the following spells:

 Spells                   Type           Power      Damage    Failure   Level
 Ignite Poison            Fire/Tmut/Pois 5%         N/A       11%         3
 Foxfire                  Conj/Fire      40%        2x1d6     1%          1
 Magic Dart               Conj           64%        1d6       1%          1
 Ensorcelled Hibernation  Hex/Ice        38%        N/A       2%          2
 Conjure Flame            Conj/Fire      10%        6-21      5%          3
 Mephitic Cloud           Conj/Pois/Air  8%         N/A       7%          3
 Inner Flame              Hex/Fire       5%         N/A       11%         3
 Pain                     Necr           20%        1d5       14%         1
 Slow                     Hex            20%        N/A       14%         1
 Summon Small Mammal      Summ           20%        N/A       14%         1
 Flame Wave               Conj/Fire      10%        2d5       16%         4
 Iskenderun's Battlesphe  Conj           16%        2d7       19%         5
 Call Imp                 Summ           5%         N/A       22%         2
 Olgreb's Toxic Radiance  Pois           5%         N/A       32%         4
 Call Canine Familiar     Summ           5%         N/A       38%         3
 Confusing Touch          Hex            5%         N/A       38%         3
 Summon Guardian Golem    Hex/Summ       5%         N/A       38%         3
 Vampiric Draining        Necr           5%         2d6       38%         3
 Fireball                 Conj/Fire      5%         3d5       38%         5
 Ozocubu's Refrigeration  Ice            16%        4d8       41%         7
 Anguish                  Hex/Necr       2%         N/A       80%         4
 Dispel Undead            Necr           5%         3d7       80%         4
 Conjure Ball Lightning   Conj/Air       5%         3x3d6     90%         6
 Summon Forest            Summ/Tloc      2%         N/A       98%         5
 Summon Mana Viper        Hex/Summ       5%         N/A       98%         5
 Orb of Destruction       Conj           8%         9d6       99%         7
 Summon Cactus Giant      Summ           2%         N/A       100%        6
 Ignition                 Fire           2%         3d3       100%        8
 Spider Form              Tmut/Pois      Unusable   N/A       N/A         3

Dungeon Overview and Level Annotations

Branches:
Dungeon (10/15)            Temple (1/1) D:5         Ossuary (visited)
   Lair: D:8-11         Orc: D:9-12

Altars:
Ashenzari
Cheibriados
Dithmenos
Elyvilon
Fedhas
Gozag
Hepliaklqana
Kikubaaqudgha
Makhleb
Nemelex Xobeh
Okawaru
Qazlal
Ru
Sif Muna
Trog
Uskayaw
Vehumet
Wu Jian
Xom
Yredelemnul
Zin
The Shining One

Shops:
D:4 *


Innate Abilities, Weirdness & Mutations

You thrive by killing the living.
You are immune to poison.
You have sharp fingernails.
Your flesh is cold resistant. (rC+)
You are immune to negative energy. (rN+++)
You do not regenerate when monsters are visible.
You are immune to unholy pain and torment.


Message History

The two-headed ogre hits you with a +0 giant club!!
Unknown command.
Casting: Frozen Ramparts (safe; 1% risk of failure)
Confirm with . or Enter, or press ? or * to list all spells.
A film of ice covers your body!
The wall freezes the two-headed ogre!
The two-headed ogre hits you with a +0 dire flail!
The two-headed ogre hits you but does no damage.
Unknown command.
Unknown command.
Casting: Ozocubu's Armour (safe; 1% risk of failure)
Confirm with . or Enter, or press ? or * to list all spells.
Aiming: Freeze (safe; 1% risk of failure)
Press: ? - help, Shift-Dir - straight line, f - two-headed ogre
Aim: a two-headed ogre, wielding a +0 dire flail and a +0 giant club (lightly wounded)
You freeze the two-headed ogre.
The two-headed ogre is moderately wounded.
The wall freezes the two-headed ogre.
The two-headed ogre hits you with a +0 dire flail.
* * * LOW HITPOINT WARNING * * *
The two-headed ogre hits you with a +0 giant club!!
* * * LOW HITPOINT WARNING * * *
Casting: Freeze (safe; 1% risk of failure)
Confirm with . or Enter, or press ? or * to list all spells.
Aiming: Freeze (safe; 1% risk of failure)
Press: ? - help, Shift-Dir - straight line, f/p - two-headed ogre
Aim: a two-headed ogre, wielding a +0 dire flail and a +0 giant club (moderately wounded)
You freeze the two-headed ogre.
The two-headed ogre is moderately wounded.
Unknown command.
Casting: Freeze (safe; 1% risk of failure)
Confirm with . or Enter, or press ? or * to list all spells.
Aiming: Freeze (safe; 1% risk of failure)
Press: ? - help, Shift-Dir - straight line, f/p - two-headed ogre
Aim: a two-headed ogre, wielding a +0 dire flail and a +0 giant club (moderately wounded)
You freeze the two-headed ogre.
The two-headed ogre is moderately wounded.
The wall freezes the two-headed ogre.
The two-headed ogre hits you but does no damage.
The two-headed ogre hits you with a +0 giant club!
You die...

.....# #......#[..#........#
....(# #......#...#........#
.....########......#'###........#
..<.............................#
................................#
................................#
.............######........[....#
.............#.O..#.............#
.............#..@.#.............#
.............#....####'#........#
..............##+###...#........#
....########...........#........#
...#........#..........#........#
...#.#####..#..........#........#
...#.#<.....#..........#.......<#
...#.#=)[...#..........#........#
...#.#......#..........#.....[..#


You could see a two-headed ogre.

Vanquished Creatures
  2 two-headed ogres
  Pikel (D:5)
  2 manticores (D:8)
  A cyclops (D:9)
  A merfolk (D:8)
  4 trolls
  3 yaks
  2 hogs (D:8)
  A wyvern (D:8)
  Grum (D:8)
  2 steam dragons
  Edmund (D:4)
  A water moccasin (D:6)
  4 orc warriors
  12 black bears
  2 sky beasts
  3 ogres
  A hornet zombie (D:6)
  2 necrophages (D:6)
  3 wolves (D:7)
  5 centaurs
  4 lemures (D:5)
  A phantom (D:7)
  A kobold brigand (D:8)
  A gnoll sergeant (D:8)
  4 elf zombies (Ossuary)
  9 bullfrogs
  5 scorpions
  A water moccasin zombie (D:5)
  A water moccasin skeleton (D:5)
  5 killer bees (D:8)
  8 electric eels (D:8)
  5 howler monkeys
  6 centaur zombies
  2 hounds (D:6)
  6 human zombies (Ossuary)
  A centaur skeleton (D:6)
  5 gnoll shamans
  6 orc priests
  A jelly (D:7)
  4 iguanas
  Natasha (thrice) (D:4)
  11 orc wizards
  A killer bee zombie (D:8)
  3 mummies (Ossuary)
  A howler monkey zombie (D:9)
  Robin (D:3)
  8 gnolls
  9 adders
  2 ufetubi (D:6)
  2 worms
  A dart slug (D:4)
  33 orcs
  4 ball pythons
  15 endoplasms
  6 giant cockroaches
  15 goblins
  7 hobgoblins
  4 jackals (D:4)
  5 kobolds
  8 quokkas
  8 bats
  6 frilled lizards
  10 rats
293 creatures vanquished.

Vanquished Creatures (others)
  An orc (D:8)
  4 fungi (D:3)
  77 plants
82 creatures vanquished.

Grand Total: 375 creatures vanquished

Notes
Turn   | Place    | Note
-------+----------+-------------------------------------------
     0 | D:1      | Zeld the Ghoul Ice Elementalist began the quest for the
                  | Orb.
     0 | D:1      | Reached XP level 1. HP: 14/14 MP: 2/2
   196 | D:1      | Reached XP level 2. HP: 14/22 MP: 1/3
   413 | D:1      | Reached skill level 1 in Fighting
   825 | D:1      | Reached XP level 3. HP: 27/28 MP: 3/5
   830 | D:1      | Learned a level 3 spell: Frozen Ramparts
  1938 | D:2      | Reached XP level 4. HP: 32/36 MP: 1/6
  2303 | D:3      | Learned a level 3 spell: Ozocubu's Armour
  2467 | D:3      | Found a faded altar of an unknown god.
  2664 | D:3      | Noticed Robin
  2670 | D:3      | Reached skill level 5 in Ice Magic
  2678 | D:3      | Reached XP level 5. HP: 42/42 MP: 1/7
  2681 | D:3      | Killed Robin
  3279 | D:4      | Reached XP level 6. HP: 28/50 MP: 1/9
  3461 | D:4      | Noticed Natasha
  3468 | D:4      | Killed Natasha
  3561 | D:4      | Noticed Natasha
  3569 | D:4      | Killed Natasha
  3642 | D:4      | Noticed Natasha
  3653 | D:4      | Killed Natasha
  3928 | D:4      | Noticed Edmund
  3942 | D:4      | Killed Edmund
  3943 | D:4      | Reached XP level 7. HP: 24/58 MP: 1/11
  4326 | D:4      | Learned a level 4 spell: Hailstorm
  4495 | D:4      | Found Juucw's Elemental Accessories.
  4503 | D:4      | Bought a wand of iceblast (11) for 165 gold pieces
  4550 | D:5      | Entered Level 5 of the Dungeon
  4563 | D:5      | Reached skill level 6 in Ice Magic
  4901 | D:5      | Found a staircase to the Ecumenical Temple.
  4905 | D:5      | Noticed Pikel
  4922 | D:5      | Reached skill level 1 in Evocations
  5019 | Temple   | Entered the Ecumenical Temple
  5321 | Temple   | Became a worshipper of Vehumet
  5524 | D:5      | Killed Pikel
  5525 | D:5      | Reached skill level 5 in Fighting
  5525 | D:5      | Reached skill level 1 in Conjurations
  5525 | D:5      | Reached XP level 8. HP: 54/68 MP: 2/13
  5619 | D:5      | Noticed a troll
  5642 | D:5      | Killed a troll
  5647 | D:5      | Reached skill level 7 in Ice Magic
  6644 | D:6      | Reached XP level 9. HP: 74/74 MP: 9/14
  6738 | D:6      | Reached skill level 5 in Stealth
  7095 | D:6      | Reached * piety under Vehumet
  7095 | D:6      | Offered knowledge of Magic Dart by Vehumet.
  7099 | D:6      | Found a sand-covered staircase.
  7117 | Ossuary  | Entered an ossuary
  7243 | Ossuary  | Reached skill level 5 in Spellcasting
  9837 | D:6      | Reached skill level 8 in Ice Magic
 10578 | D:6      | Reached XP level 10. HP: 84/84 MP: 12/17
 10694 | D:6      | Found a hazy altar of Hepliaklqana.
 11352 | D:7      | Offered knowledge of Static Discharge by Vehumet.
 11358 | D:7      | Reached ** piety under Vehumet
 12737 | D:8      | Got the Tome of Stolen Souls
 13057 | D:8      | Noticed Grum
 13606 | D:8      | Killed Grum
 13607 | D:8      | Reached skill level 5 in Evocations
 14418 | D:8      | Reached skill level 9 in Ice Magic
 14779 | D:8      | Offered knowledge of Ignite Poison by Vehumet.
 15337 | D:8      | Reached XP level 11. HP: 57/94 MP: 19/19
 15346 | D:8      | Identified 2 scrolls of acquirement
 15636 | D:8      | Acquired 1098 gold pieces
 15640 | D:8      | Acquired 783 gold pieces
 15757 | D:8      | Identified the +12 hand crossbow "Dycoxohu" {freeze, Drain
                  | rN+ Dex+2}
 15816 | D:8      | Reached skill level 5 in Dodging
 16564 | D:8      | Found a basalt altar of Yredelemnul.
 16650 | D:8      | Noticed a manticore
 16663 | D:8      | Killed a manticore
 17121 | D:8      | Reached *** piety under Vehumet
 17359 | D:8      | Noticed a manticore
 17374 | D:8      | Killed a manticore
 17766 | D:8      | Noticed a two-headed ogre
 17879 | D:8      | Killed a two-headed ogre
 19708 | D:9      | HP: 3/95 [troll (4)]
 20451 | D:9      | Noticed a cyclops
 20836 | D:9      | Killed a cyclops
 20950 | D:10     | Entered Level 10 of the Dungeon
 20950 | D:10     | Noticed a two-headed ogre
 20950 | D:10     | Noticed a two-headed ogre
 20961 | D:9      | Killed a two-headed ogre
 20962 | D:9      | Reached skill level 10 in Ice Magic
 21207 | D:9      | Mangled by a two-headed ogre

Illustrated notes

Levels and vault maps discovered:
D:1:      scummos_arrival_star, layout_rooms, serial_forest,
          infiniplex_forest_fountain, infiniplex_forest_lined_room_3,
          infiniplex_forest_lined_ring, infiniplex_forest_end_3,
          infiniplex_forest_clump_double, infiniplex_forest_corner_1,
          infiniplex_forest_zigzag_1, infiniplex_forest_lined_corner,
          chequers_serial_rivers_micro_e
D:2:      layout_basic
D:3:      layout_basic, dreamdust_ecumenical_altar_grove, uniq_robin
D:4:      layout_rooms, nicolae_elemental_shop, st_stairs_1, uniq_natasha,
          uniq_edmund
D:5:      layout_loops_ring, minmay_temple_entry_ruins, uniq_pikel
D:6:      layout_rooms, mainiacjoe_overflow_alcove_1,
          nicolae_ossuary_entry_ruins, hangedman_abyss_or_decor_slice,
          chequers_serial_rivers_small_a, minmay_starry_boxes
D:7:      layout_basic, grunt_ministairs_1
D:8:      kennysheep_town, uniq_grum
D:9:      layout_gridville, corner_web_ring, minivault_21
D:10:     layout_gridville, minmay_fractal_squares_gapless_5
Temple:   kilobyte_greek_temple

Skill      XL: |  1  2  3  4  5  6  7  8  9 10 11 |
---------------+----------------------------------+-----
Spellcasting   | 2 3 4 5 6 7 |  7.2
Fighting       | 1 2 3 5 6 7 8 |  8.9
Dodging        | 2 3 4 5 |  5.4
Ice Magic      | 5 6 7 8 9 10 | 10.0
Stealth        | 3 4 5 6 7 |  7.2
Evocations     | 2 4 5 6 |  6.5
Conjurations   | 1 2 3 4 |  4.0

Action                   |  1- 3 |  4- 6 |  7- 9 | 10-12 || total
-------------------------+-------+-------+-------+-------++-------
Melee: Unarmed           |    50 |       |       |       ||    50
       Dagger            |       |   116 |   668 |    38 ||   822
       Punch             |       |     1 |    16 |     1 ||    18
       Hand axe          |       |       |       |   187 ||   187
 Cast: Freeze            |    56 |    28 |    59 |   220 ||   363
       Frozen Ramparts   |       |     9 |    19 |    37 ||    65
       Ozocubu's Armour  |       |     1 |    10 |    10 ||    21
       Hailstorm         |       |       |     3 |     2 ||     5
Evoke: Wand              |       |       |       |    15 ||    15
  Use: Scroll            |       |       |       |    15 ||    15
       Potion            |       |       |       |     3 ||     3
 Stab: Sleeping          |     2 |     4 |     4 |     4 ||    14
       Distracted        |       |     1 |       |       ||     1
Armor: Robe              |    33 |    50 |   178 |   278 ||   539
Dodge: Dodged            |    40 |   101 |   266 |   485 ||   892
